 Dungeon Crawl Stone Soup version 0.19-a0-198-gc02d5d8 (webtiles) character file.

905 xnavy the Firebug (level 7, 0/50 HPs)
             Began as a Demigod Fire Elementalist on May 5, 2016.
             Slain by an iron imp (6 damage)
             ... on level 5 of the Dungeon on May 23, 2016.
             The game lasted 00:24:28 (5581 turns).

xnavy the Firebug (Demigod Fire Elementalist)       Turns: 5581, Time: 00:24:29

Health: 0/50       AC:  2    Str: 11    XL:     7   Next: 51%
Magic:  14/14      EV: 12    Int: 23    God:
Gold:   224        SH:  6    Dex: 16    Spells: 4 memorised, 2 levels left

rFire  . . .     SeeInvis .     x - +0 trident (curse)
rCold  . . .     Gourm    .     a - +0 robe
rNeg   . . .     Faith    .     f - +1 buckler
rPois  +         Spirit   .     (no helmet)
rElec  .         Dismiss  .     (no cloak)
rCorr  .         Reflect  .     (no gloves)
SustAt +         Harm     .     (no boots)
MR     .....                    (no amulet)
Stlth  ++........               B - ring of poison resistance {rPois, !d}
                                m - ring of wizardry {Wiz+, !d}

@: not resistant to hostile enchantments, unstealthy
A: high mp 1, sustain attributes
a: no special abilities


You were on level 5 of the Dungeon.
You were not hungry.

You visited 1 branch of the dungeon, and saw 5 of its levels.

You collected 224 gold pieces.

Inventory:

Hand Weapons
 w - a +3 flail of holy wrath
   (You found it on level 2 of the Dungeon)
 x - a cursed +0 trident (weapon)
   (You found it on level 3 of the Dungeon)
 y - a +0 flail of crushing
   (You took it off an orc on level 3 of the Dungeon)
Armour
 a - a +0 robe (worn)
 f - a +1 buckler (worn)
   (You found it on level 1 of the Dungeon)
 h - a +0 ring mail of magic resistance
   (You found it on level 1 of the Dungeon)
Jewellery
 m - a ring of wizardry (left hand) {Wiz+, !d}
   (You found it on level 1 of the Dungeon)
 q - a +5 ring of dexterity
   (You found it on level 2 of the Dungeon)
 s - a cursed -3 ring of dexterity
   (You found it on level 2 of the Dungeon)
 B - a ring of poison resistance (right hand) {rPois, !d}
   (You found it on level 5 of the Dungeon)
Scrolls
 g - a scroll of random uselessness {unknown}
 j - a scroll of enchant armour
 n - 3 scrolls of magic mapping {!r}
 p - 2 scrolls of remove curse
 z - a scroll of recharging
 A - 3 scrolls of identify
 D - a scroll of amnesia
 E - a scroll of blinking {unknown}
Potions
 d - 3 potions of curing {unknown}
 e - a potion of lignification {unknown}
 i - 3 potions of might {unknown}
 k - a potion of magic {unknown}
 l - 2 potions of cancellation {unknown}
 r - 2 potions of flight
 C - a potion of cure mutation {unknown}
Books
 b - a book of Flames
 t - a book of Necromancy
   (You found it on level 2 of the Dungeon)
Comestibles
 c - 3 bread rations {@e1}
 o - a slice of pizza
 u - a meat ration {@e2}
 v - a beef jerky


   Skills:
 - Level 1.7 Dodging
 - Level 1.7 Stealth
 * Level 3.1 Shields
 - Level 3.1 Spellcasting
 + Level 3.8 Conjurations
 * Level 6.2 Fire Magic


You had 2 spell levels left.
You knew the following spells:

 Your Spells              Type           Power        Failure   Level  Hunger
a - Flame Tongue          Conj/Fire      ####.        1%          1    None
c - Conjure Flame         Conj/Fire      ####....     2%          3    ###....
s - Sticky Flame          Conj/Fire      ####....     7%          4    ####...
x - Throw Flame           Conj/Fire      ####..       1%          2    ##.....


Dungeon Overview and Level Annotations

Branches:
Dungeon (5/15)
 Temple: D:4-7

Annotations:
D:4 exclusion: Sigmund, Sigmund


Innate Abilities, Weirdness & Mutations

You have an increased reservoir of magic. (+10% MP)
Your attributes are resistant to harm.


Message History

Items here: )) [[ ÷ a dagger; a robe; a whip; a ring mail; an orc skeleton
Found a stone staircase leading down.
There is a stone staircase leading down here.
You now have 222 gold pieces (gained 20).
Found an escape hatch in the floor.
You regained 8 hp, and now have 49/50 hp.
MP restored: 14
There is an escape hatch in the floor here.
You now have 224 gold pieces (gained 2).
An ice beast comes into view.
Health restored: 50
Aim: an ice beast (resting)
The flame tongue hits the ice beast.
You now have 13/14 mp.
Aim: an ice beast (lightly wounded)
The sticky flame hits the ice beast.
The ice beast melts!
The ice beast is covered in liquid flames!
The ice beast burns!
The ice beast hits you. The ice beast freezes you!
You take 15 damage, and have 35/50 hp.
MASSIVE DAMAGE!!
You now have 9/14 mp.
The ice beast burns!
The ice beast burns!
The ice beast burns!
The ice beast burns!
The ice beast burns!
You kill the ice beast!
Your Shields skill increases to level 3!
You start resting.
Health restored: 50; MP restored: 14 Some of the chunks of flesh in your inventory have rotted away.
All of the chunks of flesh in your inventory have rotted away.
You see here 18 bolts.
You are feeling hungry.
You may need something to eat soon, looking for food.
Can't find anything matching that.
Sorry, you're not good enough to have a special ability.
There is an open door here.
Things that are here:
a trident; a leather armour
There is an open door, spattered with blood here.
You see here a giant club. 2 iron imps come into view.
Found a burning altar of Makhleb.
A ball python comes into view.
Aim: a ball python The flame tongue hits the ball python.
You kill the ball python!
You now have 13/14 mp.
You see here a ball python corpse.
You butcher the ball python corpse.
F - a chunk of flesh {@w0} Eating a chunk of flesh {@w0}.
You continue eating. x2
MP restored: 14
p - 2 scrolls of remove curse (gained 1)
There is a stone staircase leading down here.
The iron imp is too close now for your liking.
The iron imp shouts!
The fire roars!
You now have 11/14 mp.
You hit the iron imp but do no damage. The iron imp hits you.
You take 4 damage, and have 46/50 hp.
You closely miss the iron imp. The iron imp hits you.
You take 1 damage, and have 45/50 hp.
You barely miss the iron imp. The iron imp misses you.
You closely miss the iron imp. You block the iron imp's attack.
The iron imp shouts!
You puncture the iron imp! The iron imp hits you.
You take 4 damage, and have 42/50 hp.
You barely miss the iron imp. The iron imp closely misses you.
You hit the iron imp.
The iron imp hits you but does no damage.
You barely miss the iron imp. The iron imp closely misses you.
You puncture the iron imp!
You kill the iron imp!
Attack whom?
Aim: an iron imp You reach to attack!
You barely miss the iron imp. You hit the iron imp but do no damage.
The iron imp hits you.
You take 6 damage, and have 37/50 hp.
You barely miss the iron imp. The iron imp hits you.
You take 4 damage, and have 33/50 hp.
You barely miss the iron imp. The iron imp closely misses you.
You hit the iron imp but do no damage. The iron imp hits you!
You take 8 damage, and have 25/50 hp.
You hit the iron imp but do no damage. You block the iron imp's attack.
You barely miss the iron imp. The iron imp barely misses you.
MP restored: 14 You puncture the iron imp!
The iron imp hits you!
You take 7 damage, and have 18/50 hp.
You puncture the iron imp! The iron imp hits you.
* * * LOW HITPOINT WARNING * * *
You take 4 damage, and have 14/50 hp.
You hit the iron imp but do no damage. The iron imp hits you!
* * * LOW HITPOINT WARNING * * *
You take 8 damage, and have 6/50 hp.
You hit the iron imp but do no damage. The iron imp hits you.
You die...

#.............#####.####.#
#.............#.......##.#
#.............####..#.##.#
#......≈.§§...#.##..#.##.#
#....≈≈8§≈§...#.....#.##.#
#...§≈≈.§§≈...#.#...#.##>#####
#.§§≈5....≈§..#.#...#.........
#.≈§.......≈§5#.#........#####
#.≈§..._...≈≈@#.#.#.######
.....≈≈.#.#.#.#
........#.#.#.#
#########.#.#.# #.#.#.#.#
#.#.....# #.###.### #......#
#.######


You could see an iron imp.

Vanquished Creatures
  A sky beast (D:3)
  An ice beast (D:5)
  A necrophage (D:5)
  An ogre (D:5)
  A centaur (D:5)
  The ghost of Chemotherapy the Slasher, an amateur VSSk of Ashenzari (D:3)
  A giant frog (D:3)
  An orc wizard (D:5)
  A giant frog skeleton (D:5)
  2 iron imps (D:5)
  4 worker ants
  4 adders
  An ooze (D:2)
  An adder skeleton (D:5)
  2 worms
  5 giant geckos
  10 orcs
  9 bats
  6 giant cockroaches
  9 goblins
  9 hobgoblins
  4 jackals
  9 kobolds
  A ball python (D:5)
  7 rats
92 creatures vanquished.

Notes
Turn   | Place    | Note
--------------------------------------------------------------
     0 | D:1      | xnavy the Demigod Fire Elementalist began the quest for the Orb.
     0 | D:1      | Reached XP level 1. HP: 14/14 MP: 5/5
    15 | D:1      | Reached skill level 1 in Conjurations
    82 | D:1      | Upgraded the game from 0.19-a0-46-g8690a2b to 0.19-a0-49-gb8736b8
    82 | D:1      | Upgraded the game from 0.19-a0-49-gb8736b8 to 0.19-a0-198-gc02d5d8
   146 | D:1      | Reached skill level 3 in Fire Magic
   351 | D:1      | Reached XP level 2. HP: 20/20 MP: 4/7
   414 | D:1      | Learned a level 2 spell: Throw Flame
  1231 | D:1      | Reached skill level 2 in Spellcasting
  1231 | D:1      | Reached XP level 3. HP: 12/26 MP: 1/8
  1472 | D:1      | Learned a level 3 spell: Conjure Flame
  1915 | D:2      | Reached skill level 2 in Conjurations
  1988 | D:2      | Found a faded altar to an unknown god.
  2062 | D:2      | Reached XP level 4. HP: 23/33 MP: 0/10
  2905 | D:3      | Noticed Chemotherapy's ghost (amateur VSSk)
  2965 | D:3      | Killed Chemotherapy's ghost
  2965 | D:3      | Reached skill level 4 in Fire Magic
  3069 | D:3      | Noticed a giant frog
  3080 | D:3      | Killed a giant frog
  3080 | D:3      | Reached XP level 5. HP: 38/38 MP: 0/12
  3747 | D:3      | Noticed a sky beast
  3754 | D:3      | Killed a sky beast
  3754 | D:3      | Reached skill level 3 in Spellcasting
  3754 | D:3      | Reached skill level 5 in Fire Magic
  3754 | D:3      | Reached XP level 6. HP: 45/45 MP: 3/13
  4076 | D:4      | Learned a level 4 spell: Sticky Flame
  4081 | D:4      | Reached skill level 3 in Conjurations
  4133 | D:4      | Noticed Sigmund
  4268 | D:5      | Entered Level 5 of the Dungeon
  4575 | D:5      | Found an opulent altar of Gozag.
  4670 | D:5      | Reached skill level 1 in Shields
  5014 | D:5      | Reached XP level 7. HP: 40/50 MP: 7/14
  5084 | D:5      | Reached skill level 2 in Shields
  5167 | D:5      | Reached skill level 6 in Fire Magic
  5268 | D:5      | Reached skill level 3 in Shields
  5467 | D:5      | Found a burning altar of Makhleb.
  5580 | D:5      | HP: 6/50 [iron imp (8)]
  5581 | D:5      | Slain by an iron imp

Vault maps used:
D:1:      ncdulo_wetmaze
D:2:      first_bread, ecumenical_altar_2, grunt_decor_one_mirror,
          nrook_mini_backslash, hex_medium, corexii_corridor_pit
D:4:      serial_shops, shop_coins, uniq_sigmund
D:5:      lemuel_ice_spiral_2, demons_altar, nicolae_gozag_seed_capital

Skill      XL: |  1  2  3  4  5  6  7 |
---------------+----------------------+-----
Conjurations   | 1 2 3 |  3.8
Fire Magic     | 3 4 5 6 |  6.2
Spellcasting   | 2 3 |  3.1
Shields        | 1 3 |  3.1
Dodging        | |  1.7
Stealth        | |  1.7

Action                   |  1- 3 |  4- 6 |  7- 9 || total
-------------------------+-------+-------+-------++-------
Melee: Dagger            |     3 |       |       ||     3
       Flail             |       |     1 |       ||     1
       Trident           |       |       |    29 ||    29
 Cast: Flame Tongue      |    89 |    88 |    10 ||   187
       Throw Flame       |     2 |     1 |       ||     3
       Conjure Flame     |     1 |     5 |     1 ||     7
       Sticky Flame      |       |     6 |     3 ||     9
  Use: Scroll            |       |     6 |       ||     6
  Eat: Chunk             |     4 |    11 |     3 ||    18
Armor: Robe              |     8 |       |     1 ||     9
Dodge: Dodged            |    22 |    10 |    12 ||    44
Block: Buckler           |     3 |     5 |     2 ||    10

Vault maps used:
D:1:      ncdulo_wetmaze
D:2:      first_bread, ecumenical_altar_2, grunt_decor_one_mirror,
          nrook_mini_backslash, hex_medium, corexii_corridor_pit
D:4:      serial_shops, shop_coins, uniq_sigmund
D:5:      lemuel_ice_spiral_2, demons_altar, nicolae_gozag_seed_capital

Table legend:
 A = Turns spent in this place as a percentage of turns spent in the entire game.
 B = Non-inter-level travel turns spent in this place as a percentage of non-inter-level travel turns spent in the entire game.
 C = Inter-level travel turns spent in this place as a percentage of turns spent in this place.
 D = Turns resting spent in this place as a percentage of non-inter-level travel turns spent in this place.
 E = Turns spent auto-exploring this place as a percentage of non-inter-level travel turns spent in this place.
 F = Non-inter-level travel turns spent in this place divided by the number of levels of this place that you've seen.
                   A       B       C       D       E      F
               +-------+-------+-------+-------+-------+----------------------
         Total | 100.0 | 100.0 |   0.5 |   8.7 |   8.7 | 281.6
       Dungeon | 100.0 | 100.0 |   0.5 |   8.7 |   8.7 | 281.6
               +-------+-------+-------+-------+-------+----------------------

Table legend:
 A = Kills in this place as a percentage of kills in entire the game.
 B = Kills by you in this place as a percentage of kills by you in the entire game.
 C = Kills by friends in this place as a percentage of kills by friends in the entire game.
 D = Other kills in this place as a percentage of other kills in the entire game.
 E = Experience gained in this place as a percentage of experience gained in the entire game.
 F = Experience gained in this place divided by the number of levels of this place that you have seen.
                   A       B       C       D       E      F
               +-------+-------+-------+-------+-------+----------------------
         Total | 100.0 | 100.0 |  -nan |  -nan | 100.0 | 258.6
       Dungeon | 100.0 | 100.0 |  -nan |  -nan | 100.0 | 258.6
               +-------+-------+-------+-------+-------+----------------------
